[ AOE2 MATCH · #484458583 ]
UnrankedBohemians vs Ethiopians
[ REPLAY ANALYSIS · EXTRACTED FROM THE RECORDED GAME ]
Feudal
—
Castle
—
Imperial
—
| APM avg | 7.6 |
| APM peak | 19 |
| eAPM avg | 4.0 |
| Villagers / military | 19 / 0 |
Focus
⚔️ 0.0% · 🌾 100.0%
Feudal
—
Castle
—
Imperial
—
| APM avg | 5.5 |
| APM peak | 17 |
| eAPM avg | 5.1 |
| Villagers / military | 17 / 0 |
Focus
⚔️ 0.0% · 🌾 100.0%
Feudal
—
Castle
—
Imperial
—
| APM avg | 14.2 |
| APM peak | 44 |
| eAPM avg | 5.4 |
| Villagers / military | 15 / 0 |
Focus
⚔️ 0.0% · 🌾 100.0%
Feudal
—
Castle
—
Imperial
—
| APM avg | 24.1 |
| APM peak | 56 |
| eAPM avg | 4.0 |
| Villagers / military | 8 / 0 |
Focus
⚔️ 0.0% · 🌾 100.0%
Feudal
—
Castle
—
Imperial
—
| APM avg | 23.7 |
| APM peak | 54 |
| eAPM avg | 10.8 |
| Villagers / military | 14 / 0 |
Focus
⚔️ 9.5% · 🌾 90.5%
Feudal
—
Castle
—
Imperial
—
| APM avg | 6.7 |
| APM peak | 11 |
| eAPM avg | 5.5 |
| Villagers / military | 16 / 0 |
Focus
⚔️ 7.1% · 🌾 92.9%
Feudal
—
Castle
—
Imperial
—
| APM avg | 21.3 |
| APM peak | 37 |
| eAPM avg | 5.8 |
| Villagers / military | 12 / 0 |
Focus
⚔️ 0.0% · 🌾 100.0%
Feudal
—
Castle
—
Imperial
—
| APM avg | 12.3 |
| APM peak | 25 |
| eAPM avg | 6.1 |
| Villagers / military | 17 / 0 |
Focus
⚔️ 11.4% · 🌾 88.6%
Match map
Initial resources + every placement click. Lines = walls · curves = elevation contours. ◆ gold · ⬟ stone · ● berries · ✦ relic · ◌ wall gap
Your base
CouthTortoise40's base
Darebear266178's base
SodiPrime's base
danielfns's base
Juggsgotcha2711's base
Nasty's base
Walkdog38's base
Smoothed initial terrain · ◌ = detected wall gap · hover for details
Inputs per minute
— Deadpool865041 - - CouthTortoise40
Build order — Deadpool865041
13 actions detected in the replay
| 0:05 | Build | House |
| 0:07 | Build | House |
| 0:09 | Create | Villager (Male) ×4 |
| 1:45 | Create | Villager (Male) |
| 2:13 | Build | Lumber Camp |
| 2:15 | Create | Villager (Male) |
| 2:16 | Create | Villager (Male) |
| 2:52 | Build | House |
| 3:03 | Create | Villager (Male) ×2 |
| 3:47 | Create | Villager (Male) ×2 |
| 4:58 | Build | Mill |
| 5:32 | Create | Villager (Male) ×3 |
| 6:16 | Create | Villager (Male) ×5 |
Build order — CouthTortoise40
18 actions detected in the replay
| 0:17 | Create | Villager (Male) |
| 0:17 | Create | Villager (Male) |
| 0:17 | Create | Villager (Male) |
| 0:18 | Create | Villager (Male) |
| 0:18 | Create | Villager (Male) |
| 1:52 | Create | Villager (Male) |
| 1:52 | Create | Villager (Male) |
| 2:08 | Create | Villager (Male) |
| 2:25 | Create | Villager (Male) |
| 2:53 | Create | Villager (Male) |
| 3:00 | Create | Villager (Male) |
| 3:35 | Create | Villager (Male) |
| 3:35 | Create | Villager (Male) |
| 3:35 | Create | Villager (Male) |
| 4:34 | Create | Villager (Male) |
| 4:34 | Create | Villager (Male) |
| 4:34 | Create | Villager (Male) |
| 4:46 | Build | Mill |
Build order — Darebear266178
20 actions detected in the replay
| 0:11 | Research | Loom |
| 0:12 | Create | Villager (Male) |
| 0:19 | Build | House |
| 0:33 | Create | Villager (Male) |
| 0:33 | Create | Villager (Male) |
| 0:34 | Create | Villager (Male) |
| 2:23 | Create | Villager (Male) |
| 2:30 | Build | House |
| 2:34 | Build | House |
| 2:37 | Build | House |
| 3:06 | Create | Villager (Male) |
| 3:07 | Create | Villager (Male) |
| 3:43 | Create | Villager (Male) |
| 5:51 | Create | Villager (Male) |
| 5:51 | Create | Villager (Male) |
| 5:51 | Create | Villager (Male) |
| 5:52 | Create | Villager (Male) |
| 6:29 | Create | Villager (Male) |
| 6:29 | Create | Villager (Male) |
| 6:29 | Create | Villager (Male) |
Build order — SodiPrime
12 actions detected in the replay
| 0:02 | Create | Villager (Male) |
| 0:03 | Create | Villager (Male) |
| 0:03 | Create | Villager (Male) |
| 0:03 | Create | Villager (Male) |
| 0:06 | Build | House |
| 0:07 | Build | House |
| 1:30 | Create | Villager (Male) |
| 2:36 | Build | Mill |
| 2:37 | Create | Villager (Male) |
| 2:37 | Create | Villager (Male) |
| 3:10 | Build | House |
| 3:13 | Create | Villager (Male) |
Build order — danielfns
21 actions detected in the replay
| 0:04 | Create | Villager (Male) |
| 0:04 | Create | Villager (Male) |
| 0:05 | Build | House |
| 0:07 | Build | House |
| 0:48 | Create | Villager (Male) |
| 0:49 | Create | Villager (Male) |
| 0:49 | Create | Villager (Male) |
| 1:41 | Create | Villager (Male) |
| 2:39 | Create | Villager (Male) |
| 2:40 | Create | Villager (Male) |
| 2:40 | Create | Villager (Male) |
| 3:24 | Build | House |
| 3:36 | Build | House |
| 3:50 | Build | House |
| 3:55 | Create | Villager (Male) |
| 3:56 | Create | Villager (Male) |
| 3:56 | Create | Villager (Male) |
| 4:22 | Create | Villager (Male) |
| 4:58 | Build | Lumber Camp |
| 5:30 | Create | Villager (Male) |
| 6:13 | Build | Mill |
Build order — Juggsgotcha2711
20 actions detected in the replay
| 0:04 | Build | House |
| 0:06 | Build | House |
| 0:09 | Create | Villager (Male) ×4 |
| 1:19 | Build | Mill |
| 1:37 | Create | Villager (Male) |
| 1:38 | Research | Loom |
| 2:12 | Create | Villager (Male) |
| 2:34 | Create | Villager (Male) |
| 2:46 | Create | Villager (Male) |
| 3:10 | Create | Villager (Male) |
| 3:21 | Create | Villager (Male) |
| 5:39 | Create | Villager (Male) |
| 5:39 | Create | Villager (Male) |
| 5:40 | Create | Villager (Male) |
| 5:40 | Create | Villager (Male) |
| 5:40 | Create | Villager (Male) |
| 5:40 | Create | Villager (Male) |
| 6:09 | Build | Lumber Camp |
| 6:38 | Build | House |
| 6:39 | Build | House |
Build order — Nasty
16 actions detected in the replay
| 0:40 | Build | House |
| 0:45 | Build | House |
| 0:46 | Create | Villager (Male) |
| 0:46 | Create | Villager (Male) |
| 0:47 | Create | Villager (Male) |
| 0:47 | Create | Villager (Male) |
| 0:47 | Create | Villager (Male) |
| 2:14 | Create | Villager (Male) |
| 2:24 | Build | House |
| 2:53 | Create | Villager (Male) |
| 3:23 | Create | Villager (Male) |
| 4:38 | Create | Villager (Male) |
| 4:43 | Build | Mill |
| 5:48 | Create | Villager (Male) |
| 5:54 | Create | Villager (Male) |
| 5:55 | Create | Villager (Male) |
Build order — Walkdog38
20 actions detected in the replay
| 0:15 | Research | Loom |
| 0:16 | Create | Villager (Male) ×4 |
| 0:21 | Build | House |
| 0:29 | Build | House |
| 2:20 | Create | Villager (Male) |
| 2:39 | Create | Villager (Male) |
| 2:40 | Create | Villager (Male) |
| 3:00 | Build | Mill |
| 3:03 | Create | Villager (Male) |
| 3:21 | Create | Villager (Male) |
| 3:54 | Create | Villager (Male) |
| 4:28 | Create | Villager (Male) |
| 4:44 | Create | Villager (Male) |
| 5:47 | Create | Villager (Male) |
| 5:48 | Create | Villager (Male) |
| 5:48 | Create | Villager (Male) |
| 5:48 | Create | Villager (Male) |
| 5:48 | Create | Villager (Male) |
| 5:54 | Build | House |
| 6:12 | Build | House |
Match timeline
| 6:17 | CouthTortoise40 · resign |
[ AI ANALYSIS · 1 CREDIT ]
What really happened in this match?
Wolo.gg analyzes every decision: build order, eco, micro, common mistakes by bracket. Personalized analysis on WhatsApp or Discord in 30 seconds.
Civ guide
Bohemians
Perfil
Jugador #17102785